 Dungeon Crawl Stone Soup version 0.28-a0-1087-gf3fc490d9d (console) character file.

Game seed: 7916001293126914172

2356 petzl the Sneak (level 9, -15/57 HPs)
             Began as an Octopode Arcane Marksman on Dec 10, 2021.
             Was a Follower of Vehumet.
             Shot with an arrow by a centaur warrior (27 damage)
             ... on level 9 of the Dungeon.
             The game lasted 00:34:20 (10882 turns).

petzl the Sneak (Octopode Arcane Marksman)         Turns: 10882, Time: 00:34:20

Health: -15/57     AC:  1    Str: 10    XL:     9   Next: 44%
Magic:  9/16       EV: 14    Int: 19    God:    Vehumet [*.....]
Gold:   470        SH:  0    Dex: 12    Spells: 11/17 levels left

rFire   . . .      SeeInvis .   b - +2 hand crossbow
rCold   . . .      Faith    .   (no shield)
rNeg    + . .      Spirit   .   (helmet restricted)
rPois   .          Reflect  .   (no amulet)
rElec   .          Harm     .   s - ring of positive energy
rCorr   .          Rampage  .   D - +4 ring of slaying
Will    .....                   (no ring)
Stlth   ++++......              (no ring)
HPRegen 0.19/turn               (no ring)
MPRegen 0.15/turn               (no ring)
                                (no ring)
                                (no ring)

@: no status effects
A: almost no armour, amphibious, 8 rings, camouflage 1, gelatinous body 1,
(nimble swimmer 1), tentacles
a: Renounce Religion


You were on level 9 of the Dungeon.
You worshipped Vehumet.
Vehumet was aware of your devotion.
You visited 2 branches of the dungeon, and saw 10 of its levels.

You collected 470 gold pieces.

Inventory:

Hand Weapons
 a - a +0 hand axe of flaming {!f =f}
 b - a +2 hand crossbow (weapon)
 m - a +1 vampiric dagger {!f =f}
Missiles
 c - 29 bolts (quivered ammo)
 v - 35 poisoned darts
Armour
 j - a +0 tower shield
Jewellery
 s - a ring of positive energy (left tentacle)
 D - a +4 ring of slaying (right tentacle)
Wands
 q - a wand of charming (14)
 t - a wand of polymorph (12)
 A - a wand of paralysis (10)
Scrolls
 f - 8 scrolls of teleportation
 g - 2 scrolls of immolation
 l - a scroll of noise {unknown}
 n - a scroll of holy word {unknown}
 p - 2 scrolls of blinking
 u - 2 scrolls of amnesia {unknown}
 w - a scroll of acquirement {unknown}
 y - 2 scrolls of fog
Potions
 d - 2 potions of resistance {unknown}
 e - 2 potions of mutation {unknown}
 h - 2 potions of curing
 i - 2 potions of heal wounds {unknown}
 k - 3 potions of ambrosia {unknown}
 o - 3 potions of flight {unknown}
 r - 2 potions of haste {unknown}
 x - a potion of lignification {unknown}
 z - 2 potions of brilliance {unknown}
 B - a potion of berserk rage {unknown}
 E - a potion of attraction {unknown}


   Skills:
 + Level 3.4 Fighting
 - Level 4.0 Crossbows
 + Level 3.9 Dodging
 + Level 5.2 Stealth
 + Level 0.4 Shields
 * Level 4.7 Spellcasting
 * Level 4.3 Conjurations
 - Level 3.0 Hexes
 * Level 4.1 Fire Magic
 + Level 3.1 Air Magic
 + Level 3.7 Poison Magic
 - Level 3.0 Evocations


You had 11 spell levels left.
You knew the following spells:

 Your Spells              Type           Power      Damage    Failure   Level
a - Slow                  Hex            60%        N/A       3%          1
b - Poisonous Vapours     Pois/Air       34%        N/A       4%          2
f - Conjure Flame         Conj/Fire      20%        6-21      7%          3

Your spell library contained the following spells:

 Spells                   Type           Power      Damage    Failure   Level
 Magic Dart               Conj           80%        1d7       2%          1
 Foxfire                  Conj/Fire      80%        2x1d8     2%          1
 Inner Flame              Hex/Fire       18%        N/A       9%          3
 Corpse Rot               Necr/Air       20%        N/A       10%         2
 Ensorcelled Hibernation  Hex/Ice        20%        N/A       11%         2
 Tukima's Dance           Hex            15%        N/A       11%         3
 Beastly Appendage        Tmut           8%         N/A       13%         1
 Pain                     Necr           16%        1d4       13%         1
 Wereblood                Tmut           4%         N/A       19%         2
 Spider Form              Tmut/Pois      11%        N/A       19%         3
 Portal Projectile        Hex/Tloc       20%        N/A       21%         3
 Flame Wave               Conj/Fire      20%        2d6       22%         4
 Cause Fear               Hex            7%         N/A       36%         4
 Agony                    Necr           4%         N/A       98%         5
 Excruciating Wounds      Necr           2%         N/A       98%         5


Dungeon Overview and Level Annotations

Branches:
Dungeon (9/15)             Temple (1/1) D:4            Lair (0/6) D:8
    Orc: D:9-12

Altars:
Ashenzari
Cheibriados
Dithmenos
Elyvilon
Fedhas
Gozag
Hepliaklqana
Kikubaaqudgha
Makhleb
Nemelex Xobeh
Okawaru
Qazlal
Ru
Trog
Uskayaw
Vehumet
Wu Jian
Xom
Yredelemnul
Zin
The Shining One


Innate Abilities, Weirdness & Mutations

You cannot wear most types of armour.
You are amphibious.
You can wear up to eight rings at the same time.
Your skin changes colour to match your surroundings (Stealth+).
Your rubbery body absorbs attacks. (AC +1, EV +1)
((You are camouflaged near water. (Stealth+)))
You have tentacles for arms and can constrict up to eight enemies at once.


Message History

The fire begins to smoulder!
The fire ignites!
You shoot a bolt.
The bolt barely misses the howler monkey zombie.
No target in view!
Unknown command.
A seven-headed hydra comes into view.
You open the door.
A kobold brigand comes into view.
It is wielding a +0 whip and quivering poisoned darts.
The seven-headed hydra roars!
A centaur warrior comes into view.
The kobold brigand throws a poisoned dart.
The poisoned dart hits you.
You are poisoned.
Okay, then.
Unknown command.
Unknown command.
Blink to where?
Press: ? - help, Dir - move target, p - howler monkey zombie A kobold and 2 howler monkeys come into view.
As you read the scroll of blinking, it crumbles to dust.
You feel sick.
You feel sick.
Casting: Conjure Flame (dangerous; 7% risk of failure)
Confirm with . or Enter, or press ? or * to list all spells.
The fire begins to smoulder!
The centaur warrior shouts!
The howler monkey howls! x3
You feel sick.
You hear a shout!
You hear two shouts!
You hear a shout!
The centaur warrior wields a +0 longbow.
The centaur warrior shoots an arrow.
The arrow hits you!!
* * * LOW HITPOINT WARNING * * *
A kobold comes into view. It is wielding a +0 short sword.
The kobold barely misses you.
Unknown command.
Unknown command.
Unknown command.
It was a potion of curing.
You feel better.
The centaur warrior shoots an arrow.
The arrow misses you.
The centaur warrior shoots an arrow.
The arrow hits you!!
You die...

. .. ...## #
....... .#
...≈....####+#+#..#
.≈K≈....'§....D...#
.≈≈≈....###.......#
.........+..Z.....
##....c..#......#.
#...............#
#.K........##..(.?
#.....<.....#.####
#.@Kh.......# #
+.hh........#
#......≈....#
#..........##
#..........#
............#
............#
.....#.....


You could see a centaur warrior, a kobold brigand, 3 howler monkeys and 2
kobolds.

Vanquished Creatures
  A steam dragon (D:8)
  4 black bears
  An orc warrior (D:6)
  A sky beast (D:5)
  4 ogres
  2 phantoms
  3 bullfrogs
  3 scorpions
  2 wights (D:8)
  A centaur zombie (D:7)
  A jelly (D:8)
  An orc priest (D:6)
  2 hounds
  2 bullfrog skeletons
  2 orc wizards
  6 iguanas
  A scorpion zombie (D:5)
  A hound skeleton (D:4)
  3 howler monkey skeletons
  4 adders
  9 gnolls
  A shadow imp (D:7)
  2 white imps (D:5)
  3 worms
  5 dart slugs
  16 orcs
  9 endoplasms
  2 giant cockroaches (D:1)
  3 goblins
  12 hobgoblins
  7 jackals (D:2)
  3 quokkas
  5 ball pythons
  7 bats
  2 frilled lizards (D:1)
  8 kobolds
  10 rats
149 creatures vanquished.

Notes
Turn   | Place    | Note
-------+----------+-------------------------------------------
     0 | D:1      | petzl the Octopode Arcane Marksman began the quest for the
                  | Orb.
     0 | D:1      | Reached XP level 1. HP: 13/13 MP: 2/2
    78 | D:1      | Reached XP level 2. HP: 18/18 MP: 3/3
    92 | D:1      | Reached skill level 1 in Stealth
   402 | D:1      | Learned a level 2 spell: Poisonous Vapours
   428 | D:1      | Reached XP level 3. HP: 23/23 MP: 5/5
  1309 | D:2      | Found a hazy altar of Hepliaklqana.
  1332 | D:2      | Reached skill level 2 in Stealth
  1363 | D:2      | Reached XP level 4. HP: 18/28 MP: 5/7
  1761 | D:2      | Reached skill level 1 in Poison Magic
  1810 | D:2      | Reached XP level 5. HP: 22/34 MP: 8/8
  2565 | D:2      | Reached skill level 1 in Air Magic
  3046 | D:3      | Learned a level 3 spell: Conjure Flame
  3320 | D:3      | Reached skill level 3 in Stealth
  3363 | D:3      | Found a shadowy altar of Dithmenos.
  3665 | D:4      | Reached XP level 6. HP: 33/39 MP: 10/10
  3778 | D:4      | Reached skill level 1 in Conjurations
  3970 | D:4      | Reached skill level 1 in Fire Magic
  4157 | D:4      | Reached skill level 1 in Evocations
  4209 | D:4      | Found a staircase to the Ecumenical Temple.
  4218 | Temple   | Entered the Ecumenical Temple
  4487 | Temple   | Became a worshipper of Vehumet
  4764 | D:4      | Reached XP level 7. HP: 45/45 MP: 1/11
  5331 | D:5      | Entered Level 5 of the Dungeon
  5416 | D:5      | Identified the +2 robe "Ruteexom" {rPois Str+3 Dex+3
                  | Stlth+}
  6056 | D:4      | Reached skill level 4 in Stealth
  6255 | D:5      | Reached XP level 8. HP: 51/51 MP: 4/13
  8219 | D:6      | Found an ancient bone altar of Kikubaaqudgha.
  8522 | D:6      | Reached XP level 9. HP: 56/56 MP: 4/15
  9113 | D:7      | Found a burning altar of Makhleb.
  9158 | D:7      | Reached * piety under Vehumet
  9158 | D:7      | Offered knowledge of Magic Dart by Vehumet.
  9159 | D:7      | Reached skill level 5 in Stealth
 10207 | D:8      | Found an ornate altar of the Wu Jian Council.
 10342 | D:8      | Found a sacrificial altar of Ru.
 10503 | D:8      | Found a blossoming altar of Fedhas.
 10508 | D:8      | Found a staircase to the Lair.
 10877 | D:9      | Noticed a seven-headed hydra
 10878 | D:9      | Noticed a centaur warrior
 10882 | D:9      | Shot with an arrow by a centaur warrior

Illustrated notes

Levels and vault maps discovered:
D:1:      dpeg_arrival_ratfight, layout_basic, corexii_leaking_fountain,
          wad_floor_pattern_untrapped, minmay_heptomino_o4
D:2:      layout_loops_ring, basic_altar
D:3:      layout_basic, mainiacjoe_overflow_concentric_impassable,
          grunt_ministairs_13, grunt_decor_fettered
D:4:      layout_loops_ring, temple_green
D:5:      layout_rooms
D:6:      layout_basic, nicolae_overflow_crystal_walls,
          kennysheep_cluttered_room, mrwooster_statue_mirror,
          minmay_misc_feat_rugged, nicolae_sextant
D:7:      layout_loops_ring, kennysheep_mini
D:8:      layout_rooms, mainiacjoe_overflow_tiny_flanked,
          nicolae_ru_path_of_blood, nicolae_wu_jian_wuxing_cycle,
          lair_entry_dummy
D:9:      layout_basic, overflow_temple_1_default
Temple:   minmay_temple_curvy_branch

Skill      XL: |  1  2  3  4  5  6  7  8  9 |
---------------+----------------------------+-----
Stealth        | 1 2 3 4 5 |  5.2
Spellcasting   | 2 3 4 |  4.7
Poison Magic   | 1 2 3 |  3.7
Air Magic      | 1 2 3 |  3.1
Fighting       | 2 3 |  3.4
Conjurations   | 1 2 3 4 |  4.3
Fire Magic     | 1 2 3 4 |  4.1
Evocations     | 1 2 3 |  3.0
Crossbows      | 3 4 |  4.0
Dodging        | 3 |  3.9
Shields        | |  0.4
Hexes          | |  3.0

Action                   |  1- 3 |  4- 6 |  7- 9 || total
-------------------------+-------+-------+-------++-------
Melee: Dagger            |     2 |    33 |       ||    35
       Constrict         |     1 |    28 |    18 ||    47
       Tentacles         |     1 |    18 |    15 ||    34
       Hand axe          |       |    67 |    75 ||   142
       Hand crossbow     |       |    17 |       ||    17
 Fire: Hand crossbow     |    88 |    44 |    81 ||   213
 Cast: Slow              |     4 |    31 |    68 ||   103
       Poisonous Vapours |       |     8 |    70 ||    78
       Conjure Flame     |       |       |    15 ||    15
  Use: Scroll            |       |     1 |    10 ||    11
       Potion            |       |       |     1 ||     1
 Stab: Sleeping          |       |     7 |     3 ||    10
Armor: Skin              |     3 |     4 |     7 ||    14
Dodge: Dodged            |    18 |    74 |    84 ||   176

Table legend: (Time is in decaauts)
 A = Elapsed time spent in this place.
 B = Non-inter-level travel time spent in this place.
 C = Inter-level travel time spent in this place.
 D = Time resting spent in this place.
 E = Time spent auto-exploring this place.
 F = Levels seen in this place.
 G = Mean time per level.
                   A        B        C        D        E       F      G
               +--------+--------+--------+--------+--------+-----+--------+
         Total |  10986 |  10359 |    627 |   3478 |   4363 |  10 | 1098.6 |
       Dungeon |  10695 |  10111 |    584 |   3478 |   4116 |   9 | 1188.3 |
        Temple |    291 |    248 |     43 |      0 |    247 |   1 |  291.0 |
               +--------+--------+--------+--------+--------+-----+--------+

Top non-repeatable levels by time:
     D:4: 2069 daAuts
     D:6: 1612 daAuts
     D:1: 1486 daAuts
     D:5: 1370 daAuts
     D:2: 1309 daAuts
     D:7: 1252 daAuts
     D:3: 905 daAuts
     D:8: 671 daAuts
  Temple: 291 daAuts
     D:9: 18 daAuts
